 Dungeon Crawl Stone Soup version 0.29.0-5-ge4962eb29e (webtiles) character file.

Game seed: 14989878123690258482

10486 adizb the Covert (level 11, -5/77 HPs)
             Began as an Octopode Brigand on Aug 29, 2022.
             Was an Initiate of Gozag.
             Slain by a blink frog (11 damage)
             ... on level 2 of the Lair of Beasts.
             The game lasted 00:45:41 (8233 turns).

adizb the Covert (Octopode Brigand)                 Turns: 8233, Time: 00:45:41

Health: -5/77      AC:  1    Str: 10    XL:     11   Next: 62%
Magic:  11/11      EV: 17    Int: 14    God:    Gozag
Gold:   1058       SH:  5    Dex: 24    Spells: 10/10 levels left

rFire   + . .      SeeInvis .   g - +6 dagger (drain)
rCold   + . .      Faith    .   (no shield)
rNeg    . . .      Spirit   .   (helmet restricted)
rPois   .          Reflect  +   r - amulet of reflection
rElec   .          Harm     .   a - ring of protection from cold
rCorr   .          Rampage  .   i - +6 ring of dexterity
Will    .....                   E - ring of protection from fire
Stlth   +++++++...              (no ring)
HPRegen 0.22/turn               (no ring)
MPRegen 0.12/turn               (no ring)
                                (no ring)
                                (no ring)

@: about to teleport
A: almost no armour, amphibious, 8 rings, camouflage 1, gelatinous body 1,
(nimble swimmer 1), tentacles
a: Renounce Religion, Potion Petition, Call Merchant, Bribe Branch


You were on level 2 of the Lair of Beasts.
You worshipped Gozag.
Gozag was most pleased with you.
You visited 3 branches of the dungeon, and saw 11 of its levels.

You collected 1292 gold pieces.
You spent 162 gold pieces at shops.
You paid 72 gold pieces to Gozag.

Inventory:

Hand Weapons
 g - a +6 dagger of draining (weapon)
 u - a +2 dagger of protection
 H - a +0 sling of flaming
 J - a +4 dagger
Missiles
 b - 9 poisoned darts (quivered)
 c - 6 curare-tipped darts
 s - 3 boomerangs of dispersal
Jewellery
 a - a ring of protection from cold (left tentacle)
 h - an amulet of the acrobat
 i - a +6 ring of dexterity (right tentacle)
 r - an amulet of reflection (around mantle)
 v - a +4 ring of protection
 D - an amulet of magic regeneration
 E - a ring of protection from fire (on tentacle)
Wands
 j - a wand of polymorph (4)
 y - a wand of charming (21)
 F - a wand of flame (4)
Scrolls
 d - a scroll of fog {unknown}
 k - a scroll of vulnerability
 l - 4 scrolls of teleportation
 p - 2 scrolls of enchant armour {unknown}
 q - a scroll of fear
 t - 2 scrolls of poison
 w - a scroll of immolation
 A - a scroll of silence
 B - a scroll of amnesia
 C - a scroll of magic mapping
 G - a scroll of blinking {unknown}
Potions
 e - 3 potions of curing
 m - 2 potions of brilliance {unknown}
 n - 2 potions of lignification {unknown}
 o - 2 potions of attraction
 x - a potion of might
 z - 2 potions of mutation {unknown}
 I - 2 potions of berserk rage {unknown}


   Skills:
 + Level 8.0 Fighting
 * Level 11.3 Short Blades
 - Level 2.0 Throwing
 + Level 5.8 Dodging
 + Level 12.2 Stealth
 + Level 7.4 Evocations


You had 10 spell levels left.
You didn't know any spells.
Your spell library contained the following spells:

 Spells                   Type           Power      Damage    Failure   Level
 Freeze                   Ice            0%         1d3       28%         1
 Frozen Ramparts          Ice            0%         1d1       65%         3
 Hailstorm                Conj/Ice       0%         3d3       96%         4
 Alistair's Intoxication  Tmut/Pois      0%         N/A       100%        5
 Borgnjor's Vile Clutch   Necr/Erth      0%         N/A       100%        5
 Eringya's Noxious Bog    Tmut/Pois      0%         N/A       100%        6


Dungeon Overview and Level Annotations

Branches:
Dungeon (8/15)             Temple (1/1) D:5            Lair (2/5) D:8
 Shoals (0/4) Lair:2
  Snake: Lair:2-3    Spider: Lair:2-3

Altars:
Cheibriados
Elyvilon
Fedhas
Gozag
Hepliaklqana
Kikubaaqudgha
Makhleb
Nemelex Xobeh
Qazlal
Ru
Trog
Vehumet
Wu Jian
Xom
Zin
The Shining One

Shops:
D:1 ?   D:4 *   D:8 *


Innate Abilities, Weirdness & Mutations

You cannot wear most types of armour.
You are amphibious.
You can wear up to eight rings at the same time.
Your skin changes colour to match your surroundings (Stealth+).
Your rubbery body absorbs attacks. (AC +1, EV +1)
((You are camouflaged when in or above water. (Stealth+)))
You have tentacles for arms and can constrict up to eight enemies at once.


Message History

You hear an angry hiss.
Okay, then.
As you read the scroll of fear, it crumbles to dust.
You assume a fearsome visage.
The boulder beetle looks frightened!
The boulder beetle leaps!
As you read the scroll of teleportation, it crumbles to dust.
You feel strangely unstable.
Your surroundings suddenly seem different.
A blink frog comes into view.
Found a plate armour.
A blink frog comes into view.
The blink frog gives a loud, deep croak!
You hear a loud, deep croak!
You hear a croak.
A komodo dragon comes into view.
The blink frog blinks!
The blink frog hits the fungus.
The fungus begins to die.
The blink frog blinks!
The blink frog gives a loud, deep croak!
The komodo dragon hisses angrily.
The blink frog blinks! x2
Okay, then.
You feel better. The blink frog misses you.
The blink frog attacks as you move away!
The blink frog misses you. The blink frog closely misses you.
The blink frog attacks as you move away!
The blink frog hits you but does no damage.
A nearby fungus withers and dies.
The blink frog hits you!
* * * LOW HITPOINT WARNING * * *
Okay, then.
Okay, then.
Okay, then.
As you read the scroll of teleportation, it crumbles to dust.
You feel strangely unstable.
The blink frog hits the fungus!
The fungus begins to die.
The blink frog hits the fungus.
The blink frog hits the fungus!
The blink frog blinks!
The blink frog attacks as you move away!
The blink frog hits you!
You die...
Your body crumbles into a pile of gold.

## ### ###### #.########
#.#########..#.####.#PP.P.####
.........................F.....
#...#######.##...#.###...#....[
#...####.[####..@#####.........
#....#...........FP§F)F.......F
#...#.............lF....#P.F...$
#............#....#.....#P<....
#...##......#..F..#............
#...#............##.....##.....
#.................#.#..## ....
#....#......##....P.#P.# ...
#....#..##...#.......... .......


You could see a komodo dragon and 5 blink frogs.

Vanquished Creatures
  A hydra (Lair:1)
  A two-headed ogre (D:8)
  Amaemon (Lair:1)
  Pikel (D:7)
  A merfolk siren (Lair:2)
  A black mamba (Lair:2)
  An orange demon (Lair:1)
  2 torpor snails
  A komodo dragon (Lair:2)
  3 cane toads
  A rime drake (Lair:2)
  3 merfolk (Lair:2)
  2 dream sheep (Lair:1)
  8 yaks (Lair:1)
  A steam dragon (D:8)
  5 water moccasins
  2 sky beasts
  A black bear (Lair:1)
  An orc warrior (D:7)
  An ice beast (D:5)
  A lemure (D:7)
  A phantom (D:6)
  Blork the orc (D:6)
  7 bullfrogs
  2 necrophages (D:5)
  A gnoll sergeant (D:6)
  2 scorpions
  4 wights (D:8)
  4 killer bees (D:8)
  A howler monkey (D:6)
  An electric eel (Lair:1)
  2 orc priests
  5 hounds
  2 jellies (D:6)
  4 iguanas
  Terence (D:2)
  7 orc wizards
  5 gnolls (D:6)
  9 adders
  2 shadow imps
  3 white imps
  An ufetubus (D:5)
  5 dart slugs
  28 orcs
  9 ball pythons
  8 endoplasms
  2 giant cockroaches (D:2)
  8 goblins
  6 hobgoblins
  2 jackals (D:1)
  6 kobolds
  5 quokkas
  5 bats
  7 frilled lizards
  3 rats
198 creatures vanquished.

Vanquished Creatures (others)
  7 fungi (Lair:2)
  5 plants
12 creatures vanquished.

Grand Total: 210 creatures vanquished

Notes
Turn   | Place    | Note
-------+----------+-------------------------------------------
     0 | D:1      | adizb the Octopode Brigand began the quest for the Orb.
     0 | D:1      | Reached XP level 1. HP: 14/14 MP: 1/1
   115 | D:1      | Found Pepnyid's Magic Scroll Shop.
   139 | D:1      | Reached XP level 2. HP: 17/19 MP: 2/2
   536 | D:2      | Reached XP level 3. HP: 25/25 MP: 3/3
   747 | D:2      | Noticed Terence
   766 | D:2      | Killed Terence
   767 | D:2      | Reached skill level 6 in Stealth
   767 | D:2      | Reached XP level 4. HP: 25/30 MP: 4/4
  1215 | D:2      | Found a faded altar of an unknown god.
  1240 | D:2      | You fall into a shaft and drop 1 floor!
  1312 | D:3      | Reached XP level 5. HP: 36/36 MP: 5/5
  1685 | D:1      | Bought a scroll of brand weapon for 114 gold pieces
  2414 | D:4      | Reached XP level 6. HP: 24/42 MP: 6/6
  2432 | D:4      | Found Neuveaniu's Gadget Gallery.
  2433 | D:4      | Noticed a sky beast
  2550 | D:4      | Killed a sky beast
  2551 | D:4      | Reached skill level 5 in Short Blades
  2551 | D:4      | Reached skill level 7 in Stealth
  2901 | D:4      | Reached XP level 7. HP: 47/47 MP: 7/7
  2910 | D:5      | Entered Level 5 of the Dungeon
  2966 | D:5      | Found a staircase to the Ecumenical Temple.
  2977 | Temple   | Entered the Ecumenical Temple
  3086 | Temple   | Became a worshipper of Gozag Ym Sagoz the Greedy
  3417 | D:5      | Reached skill level 1 in Evocations
  3448 | D:5      | Found a burning altar of Makhleb.
  3742 | D:5      | Reached skill level 8 in Stealth
  3943 | D:1      | Bought a scroll of identify for 24 gold pieces
  3943 | D:1      | Bought a scroll of identify for 24 gold pieces
  4059 | D:6      | Reached XP level 8. HP: 54/54 MP: 8/8
  4077 | D:6      | Noticed Blork the orc
  4206 | D:6      | Killed Blork the orc
  4471 | D:6      | Reached skill level 5 in Fighting
  4864 | D:6      | Reached skill level 9 in Stealth
  5198 | D:7      | Reached XP level 9. HP: 23/61 MP: 9/9
  5487 | D:7      | Noticed Pikel
  5509 | D:7      | Killed Pikel
  5663 | D:7      | Found a glowing golden altar of the Shining One.
  5802 | D:8      | Found a staircase to the Lair.
  5908 | D:8      | Reached skill level 10 in Stealth
  6159 | D:8      | Found Saefack's General Store.
  6202 | D:8      | Noticed a two-headed ogre
  6209 | D:8      | Killed a two-headed ogre
  6210 | D:8      | Reached skill level 5 in Evocations
  6210 | D:8      | Reached XP level 10. HP: 69/69 MP: 10/10
  6421 | Lair:1   | Entered Level 1 of the Lair of Beasts
  6422 | Lair:1   | Noticed a torpor snail
  6584 | D:8      | Killed a torpor snail
  6778 | Lair:1   | Noticed a seven-headed hydra
  6780 | Lair:1   | Killed a seven-headed hydra
  6781 | Lair:1   | Reached skill level 10 in Short Blades
  6781 | Lair:1   | Reached skill level 11 in Stealth
  6896 | Lair:1   | Noticed a torpor snail
  6912 | Lair:1   | Killed a torpor snail
  7050 | Lair:1   | Noticed Amaemon
  7057 | Lair:1   | Noticed an orange demon
  7059 | Lair:1   | Noticed a cane toad
  7061 | Lair:1   | Killed Amaemon
  7062 | Lair:1   | Reached skill level 5 in Dodging
  7062 | Lair:1   | Reached XP level 11. HP: 75/75 MP: 11/11
  7624 | Lair:2   | Found a staircase to the Shoals.
  8021 | Lair:2   | Reached skill level 12 in Stealth
  8208 | Lair:2   | Noticed a boulder beetle
  8217 | Lair:2   | HP: 1/77 [boulder beetle (55)]
  8233 | Lair:2   | Slain by a blink frog

Illustrated notes

Levels and vault maps discovered:
D:1:      amcnicky_arrival_single_pillar, layout_rooms, serial_shops,
          nicolae_diamond_shop, minmay_misc_feat_roman,
          corexii_item_surrounded_by_moat
D:2:      layout_basic, ebering_ecumenical_altar_box, uniq_terence
D:3:      layout_loops_cross
D:4:      layout_rooms, corexii_shack, nicolae_shop_gadgets
D:5:      layout_cave_pods, lightli_temple_of_fire, minmay_temple_entry_wispy,
          minmay_misc_feat_cross
D:6:      layout_basic, uniq_blork_the_orc
D:7:      layout_loops_ring, tso_oasis_becter, uniq_pikel
D:8:      layout_rooms, lair_entry_dummy, serial_shops, shop
Temple:   eino_temple_lava
Lair:1:   layout_regular_city, infiniplex_staircase_pool, uniq_amaemon
Lair:2:   layout_regular_city, elwin_shoals_entry_stream, serial_bayou_shore_b

Skill      XL: |  1  2  3  4  5  6  7  8  9 10 11 |
---------------+----------------------------------+-----
Short Blades   | 3 4 5 6 7 9 10 11 | 11.3
Stealth        | 6 7 8 9 10 11 12 | 12.2
Fighting       | 3 4 5 6 7 8 |  8.0
Evocations     | 1 3 5 6 7 |  7.4
Dodging        | 3 5 |  5.8
Throwing       | |  2.0

Action                   |  1- 3 |  4- 6 |  7- 9 | 10-12 || total
-------------------------+-------+-------+-------+-------++-------
Melee: Dagger            |    56 |   103 |   202 |   169 ||   530
       Constrict         |    10 |    20 |    42 |    11 ||    83
       Tentacles         |     6 |    21 |    54 |    53 ||   134
       Punch             |       |     1 |     4 |     4 ||     9
Throw: Dart              |       |     3 |       |     1 ||     4
Evoke: Wand              |       |       |       |     6 ||     6
  Use: Scroll            |       |     5 |     8 |     8 ||    21
       Potion            |       |     2 |     2 |     2 ||     6
 Stab: Sleeping          |    14 |    22 |    12 |    11 ||    59
       Distracted        |       |       |     1 |     2 ||     3
Armor: Skin              |     4 |     3 |     6 |     1 ||    14
Dodge: Dodged            |    21 |    48 |    55 |    58 ||   182
Block: Other             |       |     7 |    32 |    16 ||    55
